cohdb
Replays
Latest Replays
All Replays
Popular Replays
Top Player Replays
Match Explorer
How It Works
Community
CoH3 Stats
Reddit
Sign in to upload your games and track your stats! →
Sign in with Steam
Match 44526951
Unlisted
Match 44526951
Overview
Messages
Build Orders
End
Construct Infanterie Kompanie
MG 42 Machine Gun Team
Selects Mechanized Battlegroup
Grenadier Squad
Grenadier Squad
Construct Panzergrenadier Kompanie
Panzergrenadier Squad
251 Medium Carrier
Panzergrenadier Officer Quarters
Medical Bunker
Pak 40 Anti-tank Gun Team
Selects Raid Package
凪
Embla
Floral Haven.
《第二十一条军规》
SMOKO
杨司令
JT
coreygaries837
0
0
Comments
sign in to comment!
No comments posted yet!